Hurricanes vs Wild

Created - September 15 2007 at 12:23

Simulating a Pre-Season

Goals
1 2 3 T
Hurricanes 2 0 0 2
Wild 0 3 1 4
Shots
1 2 3 T
Hurricanes 9 12 9 30
Wild 3 15 4 22

Period #1

1. Hurricanes , Jeff Halpern 1 (Ray Whitney, Mattias Ohlund) at 3:26
2. Hurricanes , Mikko Koivu 1 (Shawn Bates, David Tanabe) at 6:18

Penalities :
Mikael Samuelsson (MIN) for High sticking (Minor) at 1:47, Frantisek Kaberle (CAR) for Elbowing (Minor) at 2:54, Kim Johnsson (MIN) for High sticking (Minor) at 6:25, Martin Straka (MIN) for Charging (Minor) at 10:05, Craig Adams (CAR) for Elbowing (Minor) at 18:01

Period #2

3. Wild , Martin Straka 4 (Olli Jokinen, Marian Gaborik) at 0:37
4. Wild , Brian Rolston 3 (Olli Jokinen, Filip Kuba) at 3:11 (PP)
5. Wild , Joe Sakic 2 (Chris Higgins, Brian Rolston) at 5:38

Penalities :
Chris Higgins (MIN) for Hooking (Minor) at 1:13, Frantisek Kaberle (CAR) for Cross-checking (Minor) at 1:13, Jeff Halpern (CAR) for Roughing (Minor) at 1:18, Kurtis Foster (MIN) for Tripping (Minor) at 5:46, Duncan Keith (MIN) for Holding (Minor) at 7:19, Joe Sakic (MIN) for Holding (Minor) at 15:05, Ray Whitney (CAR) for Holding (Minor) at 15:05, Kurtis Foster (MIN) for Hooking (Minor) at 17:54

Period #3

6. Wild , Martin Straka 5 (Marian Gaborik, Mathieu Schneider) at 7:43

Penalities :
Mikael Samuelsson (MIN) for Hooking (Minor) at 1:18

Goalie Stats

Cam Ward (CAR), 18 saves from 22 shots - (0.818), L, 3-3-0, 60:00 minutes
Manny Fernandez (MIN), 25 saves from 25 shots - (1.000), W, 1-1-0, 53:42 minutes
Manny Legace (MIN), 3 saves from 5 shots - (0.600), 6:18 minutes

Players Stats

Hurricanes
Player Name              G  A  P  +/- PIM S  H  SB FO MP 
-----------------------------------------------------------
Anton Babchuk            0  0  0   1  0   0  0  1  0  15 
Brent Sopel              0  0  0   0  0   4  0  2  0  24 
Craig Adams              0  0  0  -1  2   1  4  0  1  20 
David Tanabe             0  1  1  -1  0   0  0  1  0  19 
Eric Belanger            0  0  0   0  0   0  0  0  6  10 
Eric Staal               0  0  0   0  0   6  3  1  23 24 
Erik Cole                0  0  0  -1  0   5  2  0  4  17 
Frantisek Kaberle        0  0  0   0  4   0  1  1  0  21 
Jeff Halpern             1  0  1   1  2   1  0  1  5  11 
Justin Williams          0  0  0   0  0   2  2  0  0  19 
Kevyn Adams              0  0  0   0  0   0  1  0  0  6  
Kyle Calder              0  0  0   0  0   3  0  0  10 11 
Martin Havlat            0  0  0  -1  0   3  1  0  1  21 
Mattias Ohlund           0  1  1  -1  0   1  0  1  0  17 
Mike Commodore           0  0  0  -1  0   0  1  0  0  21 
Mikko Koivu              1  0  1  -2  0   2  0  0  24 18 
Ray Whitney              0  1  1   1  2   2  0  0  0  20 
Shawn Bates              0  1  1  -1  0   0  1  0  0  14 
Wild
Player Name              G  A  P  +/- PIM S  H  SB FO MP 
-----------------------------------------------------------
Brian Rolston            1  1  2   0  0   2  0  0  1  25 
Chris Higgins            0  1  1   1  2   1  0  0  0  17 
Duncan Keith             0  0  0   1  2   1  3  1  0  21 
Filip Kuba               0  1  1   0  0   0  0  1  0  19 
Jean-Pierre Vigier       0  0  0   0  0   0  2  0  0  16 
Joe Sakic                1  0  1   1  2   3  5  0  29 21 
Keith Carney             0  0  0   0  0   0  0  1  0  17 
Kim Johnsson             0  0  0   1  2   1  1  2  0  22 
Kurtis Foster            0  0  0   0  4   0  0  0  0  16 
Marian Gaborik           0  2  2   1  0   3  0  0  3  15 
Martin Straka            2  0  2   1  2   3  3  0  1  20 
Mathieu Schneider        0  1  1   1  0   0  0  0  0  20 
Mikael Samuelsson        0  0  0   0  4   2  1  0  1  15 
Nick Schultz             0  0  0   0  0   0  0  0  0  0  
Olli Jokinen             0  2  2   0  0   3  2  1  25 24 
Pavol Demitra            0  0  0   0  0   3  1  0  14 16 
Sean Hill                0  0  0  -1  0   0  1  1  0  12 
Wes Walz                 0  0  0   0  0   0  0  0  0  0  

3 Stars

1 - Manny Fernandez (MIN)
2 - Martin Straka (MIN)
3 - Joe Sakic (MIN)

Power Play

Hurricanes - 0 on 7 Attempt(s) - 0.00%
Wild - 1 on 3 Attempt(s) - 33.33%

Penalty Kill

Hurricanes - 2 on 3 Attempt(s) - 66.67% - Score 0 goal in Penalty Kill
Wild - 7 on 7 Attempt(s) - 100.00% - Score 0 goal in Penalty Kill

Game Notes

Manny Fernandez enters game at 6:18 of 1st period

Play by Play

Period #1

0:01 of 1st period - Eric Staal wins face-off versus Olli Jokinen in neutral zone.
0:08 of 1st period - Shot by Ray Whitney.
0:08 of 1st period - Shot Misses the Net.
0:12 of 1st period - Shot by Eric Staal.
0:12 of 1st period - Stopped by Manny Legace without a rebound.
0:13 of 1st period - Joe Sakic wins face-off versus Mikko Koivu in Wild zone.
1:40 of 1st period - Shot by Olli Jokinen.
1:40 of 1st period - Stopped by Cam Ward without a rebound.
1:41 of 1st period - Mikko Koivu wins face-off versus Pavol Demitra in Hurricanes zone.
1:47 of 1st period - Minor Penalty to Mikael Samuelsson for High sticking.
1:48 of 1st period - Olli Jokinen wins face-off versus Kyle Calder in neutral zone.
1:56 of 1st period - Ray Whitney is hit by Olli Jokinen and loses puck.
2:06 of 1st period - Brent Sopel is hit by Sean Hill and loses puck.
2:16 of 1st period - Shot by Martin Havlat.
2:16 of 1st period - Stopped by Manny Legace without a rebound.
2:17 of 1st period - Eric Staal wins face-off versus Joe Sakic in Wild zone.
2:34 of 1st period - Shot by Eric Staal.
2:34 of 1st period - Stopped by Manny Legace without a rebound.
2:35 of 1st period - Olli Jokinen wins face-off versus Eric Staal in Wild zone.
2:35 of 1st period - Olli Jokinen is hit by Eric Staal.
2:54 of 1st period - Minor Penalty to Frantisek Kaberle for Elbowing.
2:55 of 1st period - Jeff Halpern wins face-off versus Olli Jokinen in Wild zone.
3:12 of 1st period - Shot by Ray Whitney.
3:12 of 1st period - Shot Blocked by Sean Hill.
3:26 of 1st period - Shot by Jeff Halpern.
3:26 of 1st period - Goal by Jeff Halpern - Hurricanes : 1 - Wild : 0.
3:27 of 1st period - Eric Staal wins face-off versus Joe Sakic in neutral zone.
4:16 of 1st period - Shot by Olli Jokinen.
4:16 of 1st period - Shot Misses the Net.
5:02 of 1st period - Shot by Mikael Samuelsson.
5:02 of 1st period - Shot Blocked by Eric Staal.
5:04 of 1st period - Shot by Mikael Samuelsson.
5:04 of 1st period - Stopped by Cam Ward without a rebound.
5:05 of 1st period - Pavol Demitra wins face-off versus Eric Staal in Hurricanes zone.
5:08 of 1st period - Shot by Mikael Samuelsson.
5:08 of 1st period - Shot Misses the Net.
6:16 of 1st period - Shot by Shawn Bates.
6:16 of 1st period - Deflect By Mikko Koivu.
6:16 of 1st period - Shot Misses the Net.
6:18 of 1st period - Shot by Mikko Koivu.
6:18 of 1st period - Goal by Mikko Koivu - Hurricanes : 2 - Wild : 0.
6:18 of 1st period - Manny Fernandez enters game.
6:19 of 1st period - Mikko Koivu wins face-off versus Joe Sakic in neutral zone.
6:25 of 1st period - Minor Penalty to Kim Johnsson for High sticking.
6:26 of 1st period - Joe Sakic wins face-off versus Jeff Halpern in Wild zone.
6:42 of 1st period - Shot by Brent Sopel.
6:42 of 1st period - Stopped by Manny Fernandez without a rebound.
6:43 of 1st period - Joe Sakic wins face-off versus Eric Staal in Wild zone.
6:49 of 1st period - Icing by Craig Adams.
6:50 of 1st period - Olli Jokinen wins face-off versus Eric Staal in Hurricanes zone.
6:50 of 1st period - Mathieu Schneider is hit by Eric Staal and loses puck.
7:31 of 1st period - Shot by Kyle Calder.
7:31 of 1st period - Shot Hit the Post.
7:33 of 1st period - Shot by Jeff Halpern.
7:33 of 1st period - Shot Misses the Net.
7:48 of 1st period - Shot by Brent Sopel.
7:48 of 1st period - Stopped by Manny Fernandez without a rebound.
7:49 of 1st period - Eric Staal wins face-off versus Joe Sakic in Wild zone.
8:04 of 1st period - Erik Cole is hit by Martin Straka and loses puck.
8:42 of 1st period - Pavol Demitra is hit by Craig Adams and loses puck.
9:32 of 1st period - Icing by Duncan Keith.
9:33 of 1st period - Eric Belanger wins face-off versus Joe Sakic in Wild zone.
9:33 of 1st period - Martin Havlat is hit by Joe Sakic and loses puck.
9:43 of 1st period - Joe Sakic is hit by Erik Cole and loses puck.
10:03 of 1st period - Martin Havlat is hit by Olli Jokinen and loses puck.
10:05 of 1st period - Minor Penalty to Martin Straka for Charging.
10:06 of 1st period - Joe Sakic wins face-off versus Kyle Calder in neutral zone.
12:20 of 1st period - Mikko Koivu is hit by Mikael Samuelsson and loses puck.
12:24 of 1st period - Icing by Mattias Ohlund.
12:25 of 1st period - Olli Jokinen wins face-off versus Mikko Koivu in Hurricanes zone.
12:56 of 1st period - Shot by Olli Jokinen.
12:56 of 1st period - Shot Misses the Net.
12:59 of 1st period - Icing by Mike Commodore.
13:00 of 1st period - Mikko Koivu wins face-off versus Pavol Demitra in Hurricanes zone.
13:58 of 1st period - Icing by Duncan Keith.
13:59 of 1st period - Mikko Koivu wins face-off versus Joe Sakic in Wild zone.
14:03 of 1st period - Mikko Koivu is hit by Joe Sakic and loses puck.
14:20 of 1st period - Shot by Craig Adams.
14:20 of 1st period - Stopped by Manny Fernandez without a rebound.
14:21 of 1st period - Olli Jokinen wins face-off versus Eric Staal in Wild zone.
14:33 of 1st period - Shot by Martin Havlat.
14:33 of 1st period - Shot Blocked by Filip Kuba.
14:56 of 1st period - Icing by Filip Kuba.
14:57 of 1st period - Mikko Koivu wins face-off versus Olli Jokinen in Wild zone.
15:04 of 1st period - Shot by Mikko Koivu.
15:04 of 1st period - Stopped by Manny Fernandez without a rebound.
15:05 of 1st period - Mikko Koivu wins face-off versus Joe Sakic in Wild zone.
16:01 of 1st period - Shot by Erik Cole.
16:01 of 1st period - Shot Misses the Net.
16:33 of 1st period - Shot by Pavol Demitra.
16:33 of 1st period - Stopped by Cam Ward without a rebound.
16:34 of 1st period - Martin Straka wins face-off versus Eric Staal in Hurricanes zone.
17:46 of 1st period - Icing by Frantisek Kaberle.
17:47 of 1st period - Eric Staal wins face-off versus Pavol Demitra in Hurricanes zone.
18:01 of 1st period - Minor Penalty to Craig Adams for Elbowing.
18:02 of 1st period - Kyle Calder wins face-off versus Joe Sakic in neutral zone.
19:13 of 1st period - Shot by Olli Jokinen.
19:13 of 1st period - Shot Misses the Net.

Period #2

0:01 of 2nd period - Pavol Demitra wins face-off versus Eric Staal in neutral zone.
0:05 of 2nd period - Mikael Samuelsson is hit by Eric Staal and loses puck.
0:21 of 2nd period - Shot by Pavol Demitra.
0:21 of 2nd period - Stopped by Cam Ward without a rebound.
0:22 of 2nd period - Olli Jokinen wins face-off versus Mikko Koivu in Hurricanes zone.
0:35 of 2nd period - Shot by Olli Jokinen.
0:35 of 2nd period - Shot Misses the Net.
0:37 of 2nd period - Shot by Martin Straka.
0:37 of 2nd period - Goal by Martin Straka - Hurricanes : 2 - Wild : 1.
0:38 of 2nd period - Mikko Koivu wins face-off versus Joe Sakic in neutral zone.
1:01 of 2nd period - Icing by Duncan Keith.
1:02 of 2nd period - Joe Sakic wins face-off versus Eric Staal in Wild zone.
1:09 of 2nd period - Frantisek Kaberle is hit by Kim Johnsson and loses puck.
1:13 of 2nd period - Minor Penalty to Chris Higgins for Hooking.
1:13 of 2nd period - Minor Penalty to Frantisek Kaberle for Cross-checking.
1:14 of 2nd period - Olli Jokinen wins face-off versus Jeff Halpern in Hurricanes zone.
1:18 of 2nd period - Minor Penalty to Jeff Halpern for Roughing.
1:19 of 2nd period - Kyle Calder wins face-off versus Olli Jokinen in Hurricanes zone.
1:50 of 2nd period - Shot by Olli Jokinen.
1:50 of 2nd period - Stopped by Cam Ward without a rebound.
1:51 of 2nd period - Kyle Calder wins face-off versus Joe Sakic in Hurricanes zone.
1:51 of 2nd period - Kyle Calder is hit by Joe Sakic.
2:07 of 2nd period - Shot by Joe Sakic.
2:07 of 2nd period - Shot Misses the Net.
2:09 of 2nd period - Shot by Joe Sakic.
2:09 of 2nd period - Stopped by Cam Ward with a rebound.
2:11 of 2nd period - Shot by Martin Straka.
2:11 of 2nd period - Shot Blocked by Anton Babchuk.
2:13 of 2nd period - Shot by Duncan Keith.
2:13 of 2nd period - Stopped by Cam Ward with a rebound.
3:09 of 2nd period - Shot by Brian Rolston.
3:09 of 2nd period - Shot Misses the Net.
3:11 of 2nd period - Shot by Brian Rolston.
3:11 of 2nd period - Goal by Brian Rolston - Hurricanes : 2 - Wild : 2.
3:12 of 2nd period - Eric Staal wins face-off versus Joe Sakic in neutral zone.
3:20 of 2nd period - Pavol Demitra is hit by Frantisek Kaberle and loses puck.
3:31 of 2nd period - Shot by Martin Havlat.
3:31 of 2nd period - Shot Misses the Net.
3:35 of 2nd period - Shot by Eric Staal.
3:35 of 2nd period - Shot Misses the Net.
5:04 of 2nd period - Shot by Joe Sakic.
5:04 of 2nd period - Shot Misses the Net.
5:06 of 2nd period - Shot by Kim Johnsson.
5:06 of 2nd period - Stopped by Cam Ward without a rebound.
5:07 of 2nd period - Joe Sakic wins face-off versus Mikko Koivu in Hurricanes zone.
5:09 of 2nd period - Chris Higgins is hit by Craig Adams and loses puck.
5:23 of 2nd period - Brian Rolston is hit by Craig Adams and loses puck.
5:34 of 2nd period - Shot by Chris Higgins.
5:34 of 2nd period - Shot Misses the Net.
5:36 of 2nd period - Shot by Chris Higgins.
5:36 of 2nd period - Shot Blocked by Brent Sopel.
5:38 of 2nd period - Shot by Joe Sakic.
5:38 of 2nd period - Goal by Joe Sakic - Hurricanes : 2 - Wild : 3.
5:39 of 2nd period - Mikko Koivu wins face-off versus Pavol Demitra in neutral zone.
5:41 of 2nd period - Off-side.
5:42 of 2nd period - Mikko Koivu wins face-off versus Pavol Demitra in neutral zone.
5:46 of 2nd period - Minor Penalty to Kurtis Foster for Tripping.
5:47 of 2nd period - Joe Sakic wins face-off versus Kyle Calder in Wild zone.
6:17 of 2nd period - Shot by Erik Cole.
6:17 of 2nd period - Stopped by Manny Fernandez without a rebound.
6:18 of 2nd period - Eric Belanger wins face-off versus Olli Jokinen in Wild zone.
7:02 of 2nd period - Brian Rolston is hit by Justin Williams and loses puck.
7:19 of 2nd period - Minor Penalty to Duncan Keith for Holding.
7:20 of 2nd period - Olli Jokinen wins face-off versus Martin Havlat in Wild zone.
8:39 of 2nd period - Shot by David Tanabe.
8:39 of 2nd period - Shot Misses the Net.
8:43 of 2nd period - Shot by Kyle Calder.
8:43 of 2nd period - Stopped by Manny Fernandez without a rebound.
8:44 of 2nd period - Olli Jokinen wins face-off versus Kyle Calder in Wild zone.
8:55 of 2nd period - Shot by Kyle Calder.
8:55 of 2nd period - Stopped by Manny Fernandez with a rebound.
8:57 of 2nd period - Shot by Kyle Calder.
8:57 of 2nd period - Shot Hit the Post.
9:01 of 2nd period - Shot by Martin Havlat.
9:01 of 2nd period - Shot Misses the Net.
9:05 of 2nd period - Shot by Kyle Calder.
9:05 of 2nd period - Stopped by Manny Fernandez without a rebound.
9:06 of 2nd period - Eric Staal wins face-off versus Marian Gaborik in Wild zone.
9:19 of 2nd period - Shot by Justin Williams.
9:19 of 2nd period - Shot Misses the Net.
9:21 of 2nd period - Shot by Mikko Koivu.
9:21 of 2nd period - Shot Misses the Net.
9:26 of 2nd period - Shawn Bates is hit by Jean-Pierre Vigier and loses puck.
9:41 of 2nd period - Craig Adams is hit by Jean-Pierre Vigier and loses puck.
9:55 of 2nd period - Shot by Pavol Demitra.
9:55 of 2nd period - Stopped by Cam Ward without a rebound.
9:56 of 2nd period - Olli Jokinen wins face-off versus Eric Staal in Hurricanes zone.
10:23 of 2nd period - Shot by Olli Jokinen.
10:23 of 2nd period - Shot Misses the Net.
10:27 of 2nd period - Shot by Marian Gaborik.
10:27 of 2nd period - Stopped by Cam Ward with a rebound.
10:59 of 2nd period - Shot by Ray Whitney.
10:59 of 2nd period - Deflect By Erik Cole.
10:59 of 2nd period - Shot Blocked by Kim Johnsson.
11:01 of 2nd period - Shot by Erik Cole.
11:01 of 2nd period - Deflect By Justin Williams.
11:01 of 2nd period - Stopped by Manny Fernandez with a rebound.
11:03 of 2nd period - Shot by Ray Whitney.
11:03 of 2nd period - Stopped by Manny Fernandez without a rebound.
11:04 of 2nd period - Pavol Demitra wins face-off versus Mikko Koivu in Wild zone.
11:04 of 2nd period - Pavol Demitra is hit by Craig Adams.
11:43 of 2nd period - Shot by Pavol Demitra.
11:43 of 2nd period - Deflect By Mikael Samuelsson.
11:43 of 2nd period - Stopped by Cam Ward without a rebound.
11:44 of 2nd period - Mikko Koivu wins face-off versus Joe Sakic in Hurricanes zone.
11:44 of 2nd period - Mikko Koivu is hit by Duncan Keith.
11:57 of 2nd period - Eric Staal is hit by Joe Sakic and loses puck.
12:04 of 2nd period - Shot by Eric Staal.
12:04 of 2nd period - Stopped by Manny Fernandez without a rebound.
12:05 of 2nd period - Eric Staal wins face-off versus Olli Jokinen in Wild zone.
12:14 of 2nd period - Shot by Ray Whitney.
12:14 of 2nd period - Shot Misses the Net.
12:28 of 2nd period - Shot by Justin Williams.
12:28 of 2nd period - Deflect By Ray Whitney.
12:28 of 2nd period - Shot Misses the Net.
12:32 of 2nd period - Shot by Eric Staal.
12:32 of 2nd period - Stopped by Manny Fernandez without a rebound.
12:33 of 2nd period - Mikko Koivu wins face-off versus Joe Sakic in Wild zone.
12:34 of 2nd period - Shot by Erik Cole.
12:34 of 2nd period - Shot Misses the Net.
12:44 of 2nd period - Shot by Erik Cole.
12:44 of 2nd period - Stopped by Manny Fernandez with a rebound.
13:04 of 2nd period - Shot by Joe Sakic.
13:04 of 2nd period - Shot Blocked by Mattias Ohlund.
13:10 of 2nd period - Shot by Joe Sakic.
13:10 of 2nd period - Stopped by Cam Ward with a rebound.
13:14 of 2nd period - Shot by Brian Rolston.
13:14 of 2nd period - Shot Hit the Post.
13:19 of 2nd period - Icing by Mikko Koivu.
13:20 of 2nd period - Mikael Samuelsson wins face-off versus Erik Cole in Hurricanes zone.
13:43 of 2nd period - Shot by Justin Williams.
13:43 of 2nd period - Stopped by Manny Fernandez with a rebound.
13:45 of 2nd period - Shot by Eric Staal.
13:45 of 2nd period - Shot Misses the Net.
13:47 of 2nd period - Shot by Brent Sopel.
13:47 of 2nd period - Shot Misses the Net.
13:49 of 2nd period - Shot by Eric Staal.
13:49 of 2nd period - Deflect By Justin Williams.
13:49 of 2nd period - Shot Misses the Net.
14:01 of 2nd period - Shot by Justin Williams.
14:01 of 2nd period - Deflect By Eric Staal.
14:01 of 2nd period - Shot Misses the Net.
14:29 of 2nd period - Shot by Olli Jokinen.
14:29 of 2nd period - Shot Blocked by Jeff Halpern.
14:31 of 2nd period - Shot by Marian Gaborik.
14:31 of 2nd period - Stopped by Cam Ward without a rebound.
14:32 of 2nd period - Eric Belanger wins face-off versus Olli Jokinen in Hurricanes zone.
14:45 of 2nd period - Shot by Olli Jokinen.
14:45 of 2nd period - Stopped by Cam Ward without a rebound.
14:46 of 2nd period - Joe Sakic wins face-off versus Erik Cole in Hurricanes zone.
14:55 of 2nd period - Frantisek Kaberle is hit by Joe Sakic and loses puck.
15:05 of 2nd period - Minor Penalty to Joe Sakic for Holding.
15:05 of 2nd period - Minor Penalty to Ray Whitney for Holding.
15:06 of 2nd period - Olli Jokinen wins face-off versus Jeff Halpern in neutral zone.
15:32 of 2nd period - Off-side.
15:33 of 2nd period - Craig Adams wins face-off versus Marian Gaborik in neutral zone.
15:49 of 2nd period - Shot by Martin Straka.
15:49 of 2nd period - Stopped by Cam Ward without a rebound.
15:50 of 2nd period - Olli Jokinen wins face-off versus Jeff Halpern in Hurricanes zone.
16:11 of 2nd period - Shot by Jeff Halpern.
16:11 of 2nd period - Shot Blocked by Kim Johnsson.
16:15 of 2nd period - Shot by Mattias Ohlund.
16:15 of 2nd period - Stopped by Manny Fernandez without a rebound.
16:16 of 2nd period - Eric Staal wins face-off versus Olli Jokinen in Wild zone.
16:19 of 2nd period - Shot by Eric Staal.
16:19 of 2nd period - Shot Blocked by Olli Jokinen.
16:21 of 2nd period - Shot by David Tanabe.
16:21 of 2nd period - Shot Misses the Net.
16:23 of 2nd period - Shot by Craig Adams.
16:23 of 2nd period - Shot Misses the Net.
17:16 of 2nd period - Icing by Keith Carney.
17:17 of 2nd period - Pavol Demitra wins face-off versus Erik Cole in Wild zone.
17:17 of 2nd period - Mikael Samuelsson is hit by Kevyn Adams and loses puck.
17:54 of 2nd period - Minor Penalty to Kurtis Foster for Hooking.
17:55 of 2nd period - Joe Sakic wins face-off versus Kyle Calder in Wild zone.
17:55 of 2nd period - Joe Sakic is hit by Martin Havlat.
19:08 of 2nd period - Justin Williams is hit by Duncan Keith and loses puck.
19:40 of 2nd period - Shot by Jeff Halpern.
19:40 of 2nd period - Deflect By Erik Cole.
19:40 of 2nd period - Stopped by Manny Fernandez without a rebound.
19:41 of 2nd period - Eric Staal wins face-off versus Joe Sakic in Wild zone.

Period #3

0:01 of 3rd period - Eric Staal wins face-off versus Marian Gaborik in neutral zone.
0:30 of 3rd period - Shot by Ray Whitney.
0:30 of 3rd period - Stopped by Manny Fernandez without a rebound.
0:31 of 3rd period - Mikko Koivu wins face-off versus Joe Sakic in Wild zone.
0:34 of 3rd period - Shot by Erik Cole.
0:34 of 3rd period - Stopped by Manny Fernandez without a rebound.
0:35 of 3rd period - Joe Sakic wins face-off versus Mikko Koivu in Wild zone.
0:46 of 3rd period - Shot by Erik Cole.
0:46 of 3rd period - Stopped by Manny Fernandez with a rebound.
1:09 of 3rd period - Icing by Mike Commodore.
1:10 of 3rd period - Pavol Demitra wins face-off versus Mikko Koivu in Hurricanes zone.
1:18 of 3rd period - Minor Penalty to Mikael Samuelsson for Hooking.
1:19 of 3rd period - Eric Staal wins face-off versus Olli Jokinen in Hurricanes zone.
1:32 of 3rd period - Shot by Eric Staal.
1:32 of 3rd period - Stopped by Manny Fernandez without a rebound.
1:33 of 3rd period - Kyle Calder wins face-off versus Joe Sakic in Wild zone.
1:34 of 3rd period - Shot by Brent Sopel.
1:34 of 3rd period - Stopped by Manny Fernandez without a rebound.
1:35 of 3rd period - Kyle Calder wins face-off versus Joe Sakic in Wild zone.
1:46 of 3rd period - Shot by Martin Havlat.
1:46 of 3rd period - Stopped by Manny Fernandez without a rebound.
1:47 of 3rd period - Olli Jokinen wins face-off versus Eric Staal in Wild zone.
2:12 of 3rd period - Shot by Eric Staal.
2:12 of 3rd period - Stopped by Manny Fernandez with a rebound.
2:54 of 3rd period - Shot by Martin Havlat.
2:54 of 3rd period - Shot Blocked by Duncan Keith.
2:58 of 3rd period - Shot by Martin Havlat.
2:58 of 3rd period - Shot Misses the Net.
3:00 of 3rd period - Shot by Martin Havlat.
3:00 of 3rd period - Shot Misses the Net.
3:02 of 3rd period - Shot by Brent Sopel.
3:02 of 3rd period - Stopped by Manny Fernandez with a rebound.
3:41 of 3rd period - Shawn Bates is hit by Pavol Demitra and loses puck.
3:54 of 3rd period - Shot by Mikko Koivu.
3:54 of 3rd period - Shot Misses the Net.
4:07 of 3rd period - Off-side.
4:08 of 3rd period - Olli Jokinen wins face-off versus Mikko Koivu in neutral zone.
4:40 of 3rd period - Mattias Ohlund is hit by Martin Straka and loses puck.
5:06 of 3rd period - Brent Sopel is hit by Duncan Keith and loses puck.
5:33 of 3rd period - Shot by Joe Sakic.
5:33 of 3rd period - Shot Blocked by Brent Sopel.
5:37 of 3rd period - Shot by Chris Higgins.
5:37 of 3rd period - Stopped by Cam Ward without a rebound.
5:38 of 3rd period - Erik Cole wins face-off versus Pavol Demitra in Hurricanes zone.
7:39 of 3rd period - Shot by Marian Gaborik.
7:39 of 3rd period - Stopped by Cam Ward with a rebound.
7:41 of 3rd period - Shot by Marian Gaborik.
7:41 of 3rd period - Shot Misses the Net.
7:43 of 3rd period - Shot by Martin Straka.
7:43 of 3rd period - Goal by Martin Straka - Hurricanes : 2 - Wild : 4.
7:44 of 3rd period - Olli Jokinen wins face-off versus Mikko Koivu in neutral zone.
9:43 of 3rd period - Icing by Kurtis Foster.
9:44 of 3rd period - Pavol Demitra wins face-off versus Eric Belanger in Wild zone.
10:13 of 3rd period - Eric Belanger is hit by Martin Straka and loses puck.
11:04 of 3rd period - Shot by Brian Rolston.
11:04 of 3rd period - Shot Blocked by Frantisek Kaberle.
11:06 of 3rd period - Shot by Kim Johnsson.
11:06 of 3rd period - Shot Misses the Net.
11:08 of 3rd period - Shot by Brian Rolston.
11:08 of 3rd period - Stopped by Cam Ward without a rebound.
11:09 of 3rd period - Mikko Koivu wins face-off versus Joe Sakic in Hurricanes zone.
11:22 of 3rd period - Shot by Martin Havlat.
11:22 of 3rd period - Stopped by Manny Fernandez without a rebound.
11:23 of 3rd period - Mikko Koivu wins face-off versus Olli Jokinen in Wild zone.
11:48 of 3rd period - Icing by Mike Commodore.
11:49 of 3rd period - Mikko Koivu wins face-off versus Pavol Demitra in Hurricanes zone.
11:59 of 3rd period - Pavol Demitra is hit by Erik Cole and loses puck.
12:19 of 3rd period - Mikael Samuelsson is hit by Justin Williams and loses puck.
13:18 of 3rd period - Marian Gaborik is hit by Shawn Bates and loses puck.
17:18 of 3rd period - Shot by Craig Adams.
17:18 of 3rd period - Shot Hit the Post.
17:22 of 3rd period - Shot by Eric Belanger.
17:22 of 3rd period - Deflect By Shawn Bates.
17:22 of 3rd period - Shot Misses the Net.
17:44 of 3rd period - Icing by Eric Staal.
17:45 of 3rd period - Joe Sakic wins face-off versus Eric Staal in Hurricanes zone.
18:38 of 3rd period - Martin Straka is hit by Mike Commodore and loses puck.
18:41 of 3rd period - Shot by Marian Gaborik.
18:41 of 3rd period - Shot Blocked by David Tanabe.
19:19 of 3rd period - Shot by Justin Williams.
19:19 of 3rd period - Deflect By Eric Staal.
19:19 of 3rd period - Shot Misses the Net.
19:21 of 3rd period - Shot by Justin Williams.
19:21 of 3rd period - Shot Blocked by Keith Carney.
19:26 of 3rd period - Icing by Jean-Pierre Vigier.
19:27 of 3rd period - Pavol Demitra wins face-off versus Eric Belanger in Wild zone.
19:41 of 3rd period - Icing by Anton Babchuk.
19:42 of 3rd period - Eric Belanger wins face-off versus Brian Rolston in Hurricanes zone.


Output by the SimonT Hockey Simulator (STHS) for Stephane Roy -- Original Page W3C XHTML 1.0 Valid